 Dungeon Crawl Stone Soup version 0.27-a0-652-g2d5cf1dcd3 (webtiles) character file.

Game seed: 14935916087586247408

219 Allula97 the Covered (level 5, 0/41 HPs)
             Began as a Demonspawn Fighter on Mar 16, 2021.
             Slain by an ice beast (1 damage)
             ... on level 3 of the Dungeon.
             The game lasted 00:08:02 (3722 turns).

Allula97 the Covered (Demonspawn Fighter)           Turns: 3722, Time: 00:08:03

Health: 0/41       AC:  8    Str: 17    XL:     5   Next: 63%
Magic:  5/5        EV:  7    Int:  9    God:
Gold:   178        SH:  9    Dex: 13    Spells: 4/4 levels left

rFire    . . .     SeeInvis .   a - +0 long sword
rCold    . . .     Faith    .   c - +0 kite shield
rNeg     . . .     Spirit   .   b - +0 scale mail
rPois    .         Reflect  .   (helmet restricted)
rElec    .         Harm     .   (no cloak)
rCorr    .         Rampage  .   (no gloves)
Will     .....                  (no boots)
Stlth    ..........             (no amulet)
HPRegen  0.13/turn              (no ring)
MPRegen  0.09/turn              (no ring)

@: brilliant
A: antennae 1, molten scales 1, powered by pain 1
a: no special abilities


You were on level 3 of the Dungeon.
You visited 1 branch of the dungeon, and saw 3 of its levels.

You collected 178 gold pieces.

Inventory:

Hand Weapons
 a - a +0 long sword (weapon)
Armour
 b - a +0 scale mail (worn)
 c - a +0 kite shield (worn)
Scrolls
 e - 4 scrolls of fear {unknown}
 g - a scroll of fog {unknown}
 h - a scroll of amnesia {unknown}
 o - a scroll of magic mapping {unknown}
 p - a scroll of enchant armour {unknown}
 q - a scroll of identify {unknown}
Potions
 d - a potion of heal wounds {unknown}
 f - a potion of brilliance
 i - a potion of mutation {unknown}
 j - a potion of haste {unknown}
 k - 2 potions of curing {unknown}
 l - a potion of flight {unknown}
 m - a potion of cancellation {unknown}
 n - a potion of invisibility {unknown}


   Skills:
 * Level 3.6 Fighting
 * Level 3.3 Long Blades
 * Level 3.6 Armour
 * Level 1.2 Dodging
 * Level 3.5 Shields


You had 4 spell levels left.
You didn't know any spells.
Your spell library was empty.

Dungeon Overview and Level Annotations

Branches:
Dungeon (3/15)

Altars:
Ashenzari
Ru


Innate Abilities, Weirdness & Mutations

You have a pair of small antennae on your head.
You are partially covered in molten scales. (AC +2)
You sometimes gain a little power by taking damage.


Message History

You miss the kobold. You block the kobold's attack.
You closely miss the kobold. The kobold hits you but does no damage.
The kobold barely misses you.
You closely miss the kobold. The kobold hits you but does no damage.
You slash the kobold!
You kill the kobold!
You see here 2 stones.
A goblin comes into view. It is wielding a +0 dagger.
You hit the goblin.
The goblin is severely wounded.
The goblin hits you with a +0 dagger.
You hit the goblin.
You kill the goblin!
An ice beast comes into view.
You see here a +0 dagger.
Found a sacrificial altar of Ru.
You see here a +0 dagger.
You hit the ice beast.
The ice beast is lightly wounded.
You block the ice beast's attack.
You hit the ice beast but do no damage.
The ice beast is lightly wounded.
The ice beast hits you. The ice beast freezes you!
The ice beast hits you but does no damage.
You hit the ice beast but do no damage.
The ice beast is lightly wounded.
The ice beast hits you but does no damage.
You closely miss the ice beast.
The ice beast is lightly wounded.
The ice beast hits you. The ice beast freezes you.
The ice beast hits you but does no damage.
You hit the ice beast.
The ice beast is moderately wounded.
The ice beast hits you. The ice beast freezes you!
* * * LOW HITPOINT WARNING * * *
Unknown command.
It was a potion of brilliance.
You feel clever all of a sudden. The ice beast hits you.
You die...

####...#[.......###
#.≈.#.......##
#...#......## #.≈.#......#
###...#(...#.###
#.#######.#.≈.#..#.....####
#.........#...######.....).
..........≈Y≈.≈# #####.##
..........@≈.≈.# #..#
..........###...# ##..
#..........# #.## #..
#..........# .# #..
#..........# .# #..
#........## ##.# ###
##........## #.. ## #
#..........# #.# ##8###
#..........# #.# ##8...8.


You could see an ice beast.

Vanquished Creatures
  Jessica (D:2)
  Terence (D:2)
  An orc wizard (D:2)
  4 adders
  An ooze (D:1)
  3 worms
  3 dart slugs (D:1)
  3 leopard geckos (D:1)
  3 orcs
  A giant cockroach (D:2)
  14 goblins
  12 hobgoblins
  4 jackals (D:1)
  2 quokkas (D:3)
  2 ball pythons
  10 bats
  6 frilled lizards
  7 kobolds
  5 rats
83 creatures vanquished.

Vanquished Creatures (others)
  4 fungi (D:1)
4 creatures vanquished.

Grand Total: 87 creatures vanquished

Notes
Turn   | Place    | Note
-------+----------+-------------------------------------------
     0 | D:1      | Allula97 the Demonspawn Fighter began the quest for the
                  | Orb.
     0 | D:1      | Reached XP level 1. HP: 18/18 MP: 1/1
   331 | D:1      | Gained mutation: You have a pair of small antennae on your
                  | head. [demonic ancestry]
   331 | D:1      | Reached XP level 2. HP: 24/24 MP: 2/2
   798 | D:1      | Gained mutation: You sometimes gain a little power by
                  | taking damage. [demonic ancestry]
   798 | D:1      | Reached XP level 3. HP: 29/29 MP: 3/3
  1600 | D:2      | Noticed Terence
  1613 | D:2      | Killed Terence
  1614 | D:2      | Reached skill level 1 in Dodging
  1614 | D:2      | Gained mutation: You are partially covered in molten
                  | scales. (AC +2) [demonic ancestry]
  1614 | D:2      | Reached XP level 4. HP: 4/35 MP: 4/4
  1965 | D:2      | Noticed Jessica
  1977 | D:2      | Killed Jessica
  2402 | D:2      | Reached XP level 5. HP: 26/41 MP: 5/5
  3586 | D:3      | Found a broken altar of Ashenzari.
  3713 | D:3      | Noticed an ice beast
  3714 | D:3      | Found a sacrificial altar of Ru.
  3720 | D:3      | HP: 1/41 [ice beast (14)]
  3722 | D:3      | Slain by an ice beast

Illustrated notes

Levels and vault maps discovered:
D:1:      scummos_arrival_checkerplants, layout_basic, minivault_19,
          minivault_19
D:2:      layout_rooms, uniq_terence, uniq_jessica
D:3:      layout_rooms, nicolae_overflow_hidden_temple,
          nicolae_ru_path_of_blood, serial_curves, eino_curves_04,
          eino_curves_03, lemuel_another_geyser

Skill      XL: |  1  2  3  4  5 |
---------------+----------------+-----
Long Blades    | 2 3 |  3.3
Armour         | 3 |  3.6
Shields        | 3 |  3.5
Dodging        | 1 |  1.2
Fighting       | |  3.6

Action                   |  1- 3 |  4- 6 || total
-------------------------+-------+-------++-------
Melee: Long sword        |   129 |   183 ||   312
  Use: Potion            |     1 |     1 ||     2
Armor: Scale mail        |    59 |   120 ||   179
Dodge: Dodged            |    60 |    59 ||   119
Block: Kite shield       |    81 |   115 ||   196
       Rpst.: Long sword |    22 |    17 ||    39

Table legend: (Time is in decaauts)
 A = Elapsed time spent in this place.
 B = Non-inter-level travel time spent in this place.
 C = Inter-level travel time spent in this place.
 D = Time resting spent in this place.
 E = Time spent auto-exploring this place.
 F = Levels seen in this place.
 G = Mean time per level.
                   A        B        C        D        E       F      G
               +--------+--------+--------+--------+--------+-----+--------+
         Total |   3887 |   3835 |     52 |    198 |   2722 |   3 | 1295.7 |
       Dungeon |   3887 |   3835 |     52 |    198 |   2722 |   3 | 1295.7 |
               +--------+--------+--------+--------+--------+-----+--------+

Top non-repeatable levels by time:
     D:2: 1545 daAuts
     D:1: 1453 daAuts
     D:3: 888 daAuts
